 Dungeon Crawl Stone Soup version 0.30-a0-937-ga0a21ad780 (webtiles) character file.

Game seed: 15981902616273449240

12209 kiwi3s the Cleaver (level 11, -21/104 HPs)
             Began as a Minotaur Berserker on Mar 23, 2023.
             Was a High Priest of Trog.
             Demolished by a very large slime creature (29 damage)
             ... on level 13 of the Dungeon on Mar 24, 2023.
             The game lasted 00:12:24 (10159 turns).

kiwi3s the Cleaver (Minotaur Berserker)            Turns: 10159, Time: 00:12:25

Health: -21/104    AC: 12    Str: 25    XL:     11   Next: 59%
Magic:  10/10      EV: 14    Int:  4    God:    Trog [*****.]
Gold:   626        SH:  5    Dex: 11    Spells: 10/10 levels left

rFire   . . .      SeeInvis .    P - +11 war axe "Ritekox" {speed, rN+ rCorr}
rCold   + . .      Faith    .    (no shield)
rNeg    + . .      Spirit   .    x - +0 scale mail
rPois   .          Reflect  +    (helmet restricted)
rElec   .          Rampage  .    (no cloak)
rCorr   +                        G - +0 pair of gloves
Will    .....                    y - +0 pair of boots Stlth
                                 d - amulet of reflection
HPRegen 0.37/turn                l - ring of protection from cold
MPRegen 0.12/turn                (no ring)

@: no status effects
A: horns 2, retaliatory headbutt
a: Renounce Religion, Berserk, Trog's Hand, Brothers in Arms


You were on level 13 of the Dungeon.
You worshipped Trog.
Trog was extremely pleased with you.
You visited 1 branch of the dungeon, and saw 12 of its levels.

You collected 769 gold pieces.
You spent 143 gold pieces at shops.

Inventory:

Hand Weapons
 a - a +0 hand axe
 t - a +0 war axe
 P - the +11 war axe "Ritekox" (weapon) {speed, rN+ rCorr}
   (You found it on level 9 of the Dungeon)

   rN:        It protects you from negative energy.
   rCorr:     It protects you from acid and corrosion.
Missiles
 K - 6 boomerangs (quivered)
 Q - 2 throwing nets
Armour
 b - a +0 animal skin
 x - a +0 scale mail (worn)
 y - a +0 pair of boots (worn)
 G - a +0 pair of gloves (worn)
 O - +0 steam dragon scales
Jewellery
 d - an amulet of reflection (around neck)
 e - a ring of fire
 l - a ring of protection from cold (left hand)
 A - a ring of protection from cold
 B - an amulet of regeneration
 L - a ring of poison resistance
Wands
 p - a wand of roots (22)
 C - a wand of flame (19)
 N - a wand of mindburst (12)
 R - a wand of charming (13)
 U - a wand of quicksilver (6)
 V - a wand of polymorph (4)
Scrolls
 f - 7 scrolls of teleportation {unknown}
 h - 10 scrolls of identify {unknown}
 j - 2 scrolls of enchant weapon {unknown}
 k - 3 scrolls of enchant armour {unknown}
 n - 2 scrolls of fear {unknown}
 r - 2 scrolls of magic mapping {unknown}
 s - 5 scrolls of vulnerability {unknown}
 w - a scroll of blinking {unknown}
 D - a scroll of amnesia {unknown}
 E - a scroll of poison {unknown}
 F - 2 scrolls of immolation {unknown}
 I - a scroll of butterflies {unknown}
 J - a scroll of noise {unknown}
Potions
 c - a potion of brilliance {unknown}
 g - 2 potions of resistance
 i - 4 potions of haste {unknown}
 m - 2 potions of attraction {unknown}
 o - 2 potions of flight {unknown}
 q - 2 potions of degeneration {unknown}
 u - 4 potions of heal wounds
 v - 2 potions of might
 z - 6 potions of curing
 H - a potion of mutation {unknown}
 M - a potion of cancellation {unknown}
 S - 3 potions of lignification
 T - a potion of berserk rage {unknown}


   Skills:
 + Level 11.7 Fighting
 + Level 11.7 Axes
 + Level 11.5 Armour
 + Level 10.5 Dodging


You had 10 spell levels left.
You didn't know any spells.
Your spell library was empty.

Dungeon Overview and Level Annotations

Branches:
Dungeon (13/15)            Temple (0/1) D:6            Lair (0/5) D:10
    Orc (0/2) D:10
 Vaults: D:13-14

Altars:
Kikubaaqudgha
Ru

Shops:
D:1 *:*[   D:10 !


Innate Abilities, Weirdness & Mutations

You have a pair of horns on your head.
You reflexively headbutt those who attack you in melee.


Message History

The large slime creature is moderately wounded.
You hit the large slime creature. You headbutt the large slime creature.
The large slime creature is moderately wounded.
You slash the large slime creature! You headbutt the large slime creature.
The large slime creature is heavily wounded.
You slice the large slime creature!!
The large slime creature is severely wounded.
Two slime creatures merge to form a very large slime creature.
You slash the very large slime creature!
The very large slime creature is heavily wounded.
You hit the very large slime creature.
The very large slime creature is heavily wounded.
You slash the very large slime creature!
The very large slime creature is severely wounded.
The very large slime creature hits you!!!
A slime creature comes into view.
You hear a roar!
You slice the very large slime creature!!
The very large slime creature is severely wounded.
An eight-headed hydra comes into view.
You slash the very large slime creature!
The very large slime creature is almost dead.
The very large slime creature hits you!!!
* * * LOW HITPOINT WARNING * * *
You are too injured to fight recklessly!
You are too injured to fight recklessly!
You feel much better.
The very large slime creature completely misses you.
You furiously retaliate!
You headbutt the very large slime creature!
The very large slime creature attacks as you move away!
The very large slime creature barely misses you.
You furiously retaliate!
You headbutt the very large slime creature!
Your ogre goes berserk!
The very large slime creature hits you!!
* * * LOW HITPOINT WARNING * * *
The very large slime creature attacks as you move away!
The very large slime creature hits you!!
You die...

.....### #........# #####.#
....)'.# #........# #......
.....#.######........######......
.#####......'........'....#......
. ########........####........ #
#........# ###...... #........#
#...... ######O### #)..... #.@..#
###..## #J#### ..## #D# ... ...
..# ..... ....... .........
#........## #........#


You could see an eight-headed hydra, a very large slime creature (ally target)
and a friendly ogre (summoned, berserk).

Vanquished Creatures
  2 two-headed ogres
  The ghost of selver the Cleaver, a novice HOFi of Gozag (D:7)
  A deep elf pyromancer (D:13)
  2 manticores
  A cyclops (D:11)
  2 unseen horrors
  A rime drake (D:10)
  2 trolls
  Grinder (D:3)
  2 vampires
  A slime creature (D:13)
  2 wyverns
  A wraith (D:9)
  17 yaks (D:10)
  2 steam dragons (D:9)
  4 orc warriors
  2 ice beasts (D:10)
  A sky beast (D:4)
  2 ogres
  A black bear (D:5)
  2 wolves (D:10)
  4 centaurs
  4 phantoms
  2 scorpions
  5 bullfrogs
  2 gnoll sergeants
  11 wights
  3 killer bees (D:9)
  4 hounds
  4 orc priests
  A gnoll bouda (D:4)
  2 jellies
  An iguana (D:4)
  Jessica (D:2)
  A sleepcap (D:5)
  11 orc wizards
  Natasha (twice) (D:2)
  13 gnolls
  6 adders
  An ufetubus (D:5)
  2 worms
  3 dart slugs
  40 orcs
  6 ball pythons
  A bat (D:1)
  8 endoplasms
  4 giant cockroaches
  14 goblins
  10 hobgoblins
  3 jackals (D:1)
  2 quokkas
  4 frilled lizards
  9 kobolds
  5 rats
239 creatures vanquished.

Vanquished Creatures (others)
  6 plants (D:3)
6 creatures vanquished.

Grand Total: 245 creatures vanquished

Notes
Turn   | Place    | Note
-------+----------+-------------------------------------------
     0 | D:1      | kiwi3s the Minotaur Berserker began the quest for the Orb.
     0 | D:1      | Reached XP level 1. HP: 19/19 MP: 0/0
    66 | D:1      | Found Fyivixal's Armour Boutique.
   172 | D:1      | Found Butizos's General Store.
   196 | D:1      | Reached XP level 2. HP: 12/27 MP: 1/1
   309 | D:1      | Found Viroke's Book Shoppe.
   458 | D:1      | Found Bimuph's General Store.
   836 | D:2      | Noticed Jessica
   841 | D:2      | Killed Jessica
   842 | D:2      | Reached XP level 3. HP: 22/33 MP: 2/2
  1120 | D:2      | Reached XP level 4. HP: 34/41 MP: 3/3
  1176 | D:2      | Reached ** piety under Trog
  1373 | D:2      | Noticed Natasha
  1382 | D:2      | Killed Natasha
  1484 | D:2      | Noticed Natasha
  1491 | D:2      | Killed Natasha
  1640 | D:2      | Reached XP level 5. HP: 26/47 MP: 4/4
  1774 | D:3      | Found an ancient bone altar of Kikubaaqudgha.
  1814 | D:3      | Noticed Grinder
  1814 | D:3      | Paralysed by Grinder for 4 turns
  1821 | D:3      | Killed Grinder
  1822 | D:3      | Reached skill level 5 in Fighting
  1822 | D:3      | Reached skill level 5 in Axes
  1822 | D:3      | Reached XP level 6. HP: 56/56 MP: 5/5
  1875 | D:3      | Found a sacrificial altar of Ru.
  1921 | D:3      | HP: 4/84 [something/magic dart (8)]
  2789 | D:4      | Reached skill level 5 in Armour
  2789 | D:4      | Reached XP level 7. HP: 52/62 MP: 6/6
  3145 | D:4      | Reached *** piety under Trog
  3474 | D:4      | Reached skill level 5 in Dodging
  3483 | D:4      | HP: 3/64 [poisoned by a scorpion]
  3986 | D:5      | Entered Level 5 of the Dungeon
  4039 | D:5      | Reached XP level 8. HP: 47/71 MP: 7/7
  4309 | D:5      | Upgraded the game from 0.30-a0-930-gb9d0489357 to
                  | 0.30-a0-937-ga0a21ad780
  5119 | D:6      | Noticed a troll
  5128 | D:6      | Killed a troll
  5683 | D:6      | Found a staircase to the Ecumenical Temple.
  6068 | D:7      | Reached XP level 9. HP: 25/81 MP: 8/8
  6251 | D:7      | Reached **** piety under Trog
  6334 | D:7      | Found a large runed translucent door.
  6335 | D:7      | Found a large runed translucent door.
  6700 | D:7      | Noticed selver's ghost (novice HOFi)
  6827 | D:7      | Killed selver's ghost
  7622 | D:9      | Identified the +11 war axe "Ritekox" {speed, rN+ rCorr}
  7715 | D:9      | Reached XP level 10. HP: 30/91 MP: 9/9
  8027 | D:9      | Noticed a two-headed ogre
  8035 | D:9      | Killed a two-headed ogre
  8400 | D:9      | Noticed a manticore
  8406 | D:9      | Killed a manticore
  8407 | D:9      | Reached skill level 10 in Fighting
  8407 | D:9      | Reached skill level 10 in Axes
  8581 | D:10     | Entered Level 10 of the Dungeon
  8592 | D:10     | Reached skill level 10 in Armour
  8753 | D:10     | Found a staircase to the Lair.
  8893 | D:10     | Reached ***** piety under Trog
  8894 | D:10     | Reached XP level 11. HP: 59/101 MP: 10/10
  9067 | D:10     | Found Myuhyipn's Distillery.
  9070 | D:10     | Bought a potion of heal wounds for 65 gold pieces
  9070 | D:10     | Bought a potion of curing for 39 gold pieces
  9070 | D:10     | Bought a potion of lignification for 39 gold pieces
  9363 | D:10     | Found a staircase to the Orcish Mines.
  9389 | D:10     | Reached skill level 10 in Dodging
  9711 | D:11     | Noticed a two-headed ogre
  9720 | D:11     | Killed a two-headed ogre
  9964 | D:11     | You fall into a shaft and drop 2 floors!
  9970 | D:13     | Identified the +3 rapier of Youthful Indiscretion {heavy,
                  | rElec rPois Int-3}
 10068 | D:13     | Noticed a deep elf pyromancer
 10076 | D:13     | Killed a deep elf pyromancer
 10154 | D:13     | Noticed an eight-headed hydra
 10159 | D:13     | Demolished by a very large slime creature

Illustrated notes

Levels and vault maps discovered:
D:1:      mrwooster_arrival_statue, layout_basic, serial_shops,
          nicolae_shop_waterfront, nicolae_shop_behind_doors,
          nicolae_shop_stone, nicolae_shop_waterfront
D:2:      cheibrodos_greedy_goblins, layout_loops_corners, uniq_jessica,
          uniq_natasha
D:3:      layout_basic, mainiacjoe_overflow_cross_hatched,
          nicolae_overflow_hidden_temple, hangedman_decor_slide_cut,
          uniq_grinder
D:4:      minmay_bubble_buster, layout_basic, skrybe_limestone_x
D:5:      layout_loops_cross, chequers_serial_rivers_room_b, minmay_statues_item
D:6:      layout_loops_corners, minmay_temple_entry_grid
D:7:      layout_rooms, ebering_ghost_disaster_area, kennysheep_another_room
D:8:      layout_gridville, minmay_crystal_room
D:9:      layout_rooms
D:10:     layout_small_grid, hellmonk_lair_entry_icy, serial_shops,
          kennysheep_mini_moat
D:11:     layout_rooms
D:13:     layout_roguey, david_vaults_1

Skill      XL: |  1  2  3  4  5  6  7  8  9 10 11 |
---------------+----------------------------------+-----
Fighting       | 4 5 6 8 9 10 11 | 11.7
Axes           | 4 5 6 8 9 10 11 | 11.7
Armour         | 3 4 5 6 7 9 10 11 | 11.5
Dodging        | 3 4 5 6 8 9 10 | 10.5

Action                     |  1- 3 |  4- 6 |  7- 9 | 10-12 || total
---------------------------+-------+-------+-------+-------++-------
  Melee: Hand axe          |    62 |    91 |    16 |       ||   169
         Headbutt          |     4 |    12 |    47 |    35 ||    98
         Punch             |       |     2 |     6 |     5 ||    13
         War axe           |       |       |   247 |   164 ||   411
 Invoke: Berserk           |       |     2 |     2 |     1 ||     5
         Brothers in Arms  |       |       |       |     1 ||     1
    Use: Potion            |       |       |       |     2 ||     2
   Stab: Sleeping          |       |     3 |       |       ||     3
 Armour: Animal skin       |     9 |    16 |     6 |       ||    31
         Scale mail        |       |       |    90 |    52 ||   142
  Dodge: Dodged            |    47 |    46 |   172 |    77 ||   342
  Block: Other             |       |       |    43 |    37 ||    80
         Reflection        |       |       |       |     2 ||     2

Table legend: (Time is in decaauts)
 A = Elapsed time spent in this place.
 B = Non-inter-level travel time spent in this place.
 C = Inter-level travel time spent in this place.
 D = Time resting spent in this place.
 E = Time spent auto-exploring this place.
 F = Levels seen in this place.
 G = Mean time per level.
                   A        B        C        D        E       F      G
               +--------+--------+--------+--------+--------+-----+--------+
         Total |  10196 |   9947 |    249 |   1447 |   7198 |  12 |  849.7 |
       Dungeon |  10196 |   9947 |    249 |   1447 |   7198 |  12 |  849.7 |
               +--------+--------+--------+--------+--------+-----+--------+

Top non-repeatable levels by time:
     D:4: 1495 daAuts
     D:9: 1128 daAuts
     D:2: 1106 daAuts
     D:6: 1062 daAuts
     D:5: 981 daAuts
    D:10: 885 daAuts
     D:7: 882 daAuts
     D:3: 774 daAuts
     D:8: 705 daAuts
     D:1: 662 daAuts
    D:11: 325 daAuts
    D:13: 187 daAuts
